 Dungeon Crawl Stone Soup version 0.19-a0 (webtiles) character file.

8535 Mefis the Thaumaturge (level 11, -8/54 HPs)
             Began as a Deep Elf Wizard on Apr 27, 2016.
             Was a High Priest of Sif Muna.
             Killed from afar by a lindwurm (shapeshifter) (18 damage)
             ... with a blast of flame
             ... on level 9 of the Dungeon.
             The game lasted 01:52:23 (16965 turns).

Mefis the Thaumaturge (Deep Elf Wizard)            Turns: 16965, Time: 01:52:24

Health: -8/54      AC:  6    Str:  4    XL:     11   Next: 11%
Magic:  7/25       EV: 16    Int: 27    God:    Sif Muna [*****.]
Gold:   705        SH:  0    Dex: 17    Spells: 9 memorised, 5 levels left

rFire  . . .     SeeInvis .     O - staff of wizardry
rCold  . . .     Gourm    .     P - +2 robe {Archmagi}
rNeg   . . .     Faith    .     (no shield)
rPois  .         Spirit   .     b - +0 hat
rElec  .         Dismiss  .     (no cloak)
rCorr  .         Reflect  .     R - +0 pair of gloves
SustAt .         Harm     .     Q - +0 pair of boots
MR     +....                    (no amulet)
Stlth  ++++......               K - ring of wizardry
                                C - +4 ring of dexterity

@: repel missiles, somewhat resistant to hostile enchantments, stealthy
A: no striking features
a: Channel Energy, Forget Spell, Renounce Religion


You were on level 9 of the Dungeon.
You worshipped Sif Muna.
Sif Muna was extremely pleased with you.
You were not hungry.

You visited 2 branches of the dungeon, and saw 11 of its levels.
You also visited: Sewer and Ossuary.

You collected 867 gold pieces.
You spent 162 gold pieces at shops.

Inventory:

Hand Weapons
 J - the +6 dagger of Terra Nullius {flame, rC- MP+9 Str+8 Stlth+}
   (You found it on level 5 of the Dungeon)

   It has been specially enchanted to burn those struck by it, causing extra
   injury to most foes and up to half again as much damage against particularly
   susceptible opponents.
   It affects your strength (+8).
   It makes you vulnerable to cold.
   It affects your magic capacity (+9).
   It makes you more stealthy.
 Z - a +0 shortbow of flaming
Missiles
 h - 8 tomahawks (quivered)
 w - 50 poisoned needles
 N - 44 arrows
Armour
 a - a +0 robe
 b - a +0 hat (worn)
 H - a +2 robe of positive energy
 P - a +2 robe of the Archmagi (worn)
 Q - a +0 pair of boots (worn)
 R - a +0 pair of gloves (worn)
 X - a steam dragon hide
Magical Staves
 O - an uncursed staff of wizardry (weapon)
Jewellery
 q - an uncursed ring of positive energy
 y - an uncursed ring of resist corrosion
 C - a +4 ring of dexterity (left hand)
 G - a +4 ring of strength
 K - a ring of wizardry (right hand)
Wands
 x - a wand of slowing (18/48)
 I - a wand of disintegration (17/24)
Scrolls
 d - 3 scrolls of recharging {unknown}
 j - 4 scrolls of remove curse
 k - 5 scrolls of teleportation
 l - 2 scrolls of amnesia {unknown}
 m - 3 scrolls of blinking
 n - a scroll of magic mapping
 o - 4 scrolls of random uselessness
 r - a scroll of enchant weapon {unknown}
 u - 2 scrolls of noise
 A - a scroll of immolation {unknown}
 B - a scroll of fog {unknown}
 M - a scroll of fear {unknown}
 S - a scroll of brand weapon
Potions
 i - 2 potions of degeneration {unknown}
 s - 4 potions of curing
 v - 3 potions of haste {unknown}
 z - 2 potions of lignification {unknown}
 L - 3 potions of flight {unknown}
 T - a potion of agility
 V - 2 potions of berserk rage {unknown}
Books
 c - a book of Minor Magic

   Spells                             Type                      Level
   a - Magic Dart                     Conjuration                  1
   b - Blink                          Translocation                2
   c - Call Imp                       Summoning                    2
   d - Repel Missiles                 Charms/Air                   2
   e - Slow                           Hexes                        2
   f - Conjure Flame                  Conjuration/Fire             3
   g - Mephitic Cloud                 Conjuration/Poison/Air       3
 E - a book of the Warp

   Spells                             Type                      Level
   a - Recall                         Summoning/Translocation      3
   b - Gell's Gravitas                Hexes/Translocation          3
   c - Force Lance                    Conjuration/Translocation    4
   d - Warp Weapon                    Charms/Translocation         5
   e - Summon Forest                  Summoning/Translocation      5
 F - a book of Battle

   Spells                             Type                      Level
   a - Infusion                       Charms                       1
   b - Shroud of Golubria             Charms/Translocation         2
   c - Song of Slaying                Charms                       2
   d - Spectral Weapon                Hexes/Charms                 3
   e - Regeneration                   Charms/Necromancy            3
 W - a Young Poisoner's Handbook

   Spells                             Type                      Level
   a - Sting                          Conjuration/Poison           1
   b - Cure Poison                    Poison                       2
   c - Mephitic Cloud                 Conjuration/Poison/Air       3
   d - Olgreb's Toxic Radiance        Poison                       4
   e - Venom Bolt                     Conjuration/Poison           5
Comestibles
 f - 3 meat rations
 g - 3 beef jerkies
 p - a chunk of flesh
 t - 11 royal jellies
 D - 3 fruits
 U - a slice of pizza
 Y - a bread ration


   Skills:
 - Level 0.1 Fighting
 + Level 3.7 Bows
 - Level 3.6 Throwing
 + Level 6.6 Dodging
 + Level 7.3 Stealth
 + Level 8.8 Spellcasting
 + Level 6.3 Conjurations
 + Level 4.4 Charms
 + Level 5.5 Summonings
 + Level 3.9 Necromancy
 + Level 6.0 Translocations
 + Level 5.1 Fire Magic
 + Level 6.2 Poison Magic
 + Level 3.3 Invocations


You had 5 spell levels left.
You knew the following spells:

 Your Spells              Type           Power        Failure   Level  Hunger
a - Magic Dart            Conj           ####         1%          1    None
b - Call Imp              Summ           ######..     1%          2    None
c - Blink                 Tloc           N/A          1%          2    None
d - Repel Missiles        Chrm/Air       #####.       1%          2    None
e - Mephitic Cloud        Conj/Pois/Air  ######..     1%          3    None
f - Conjure Flame         Conj/Fire      ######..     1%          3    None
g - Slow                  Hex            ###.....     2%          2    None
h - Regeneration          Chrm/Necr      ######....   1%          3    None
s - Force Lance           Conj/Tloc      ######..     1%          4    #......


Dungeon Overview and Level Annotations

Branches:
Dungeon (10/15)            Temple (1/1) D:4
   Lair: D:8-11         Orc: D:9-12

Altars:
Ashenzari
Cheibriados
Dithmenos
Fedhas
Gozag
Kikubaaqudgha
Makhleb
Nemelex Xobeh
Okawaru
Qazlal
Ru
Sif Muna
Trog
Vehumet
Xom
Yredelemnul

Shops:
D:5 ?

Annotations:
D:4 Sl000nik's ghost, amateur GrFi


Message History

The stinking cloud engulfs the lindwurm.
The lindwurm is lightly wounded.
Casting: Mephitic Cloud
Confirm with . or Enter, or press ? or * to list all spells.
Aiming: Mephitic Cloud
Press: ? - help, Shift-Dir - straight line, f/p - lindwurm
Aim: a lindwurm shaped shifter (noxious fumes, lightly wounded)
You feel a surge of power!
The ball explodes into a vile cloud!
The stinking cloud engulfs the lindwurm.
The lindwurm is lightly wounded.
The lindwurm is engulfed in noxious fumes.
The lindwurm is engulfed in roaring flames.
The lindwurm breathes flames at you. The blast of flame hits you!
Ouch! That really hurt!
* * * LOW HITPOINT WARNING * * *
The lindwurm is engulfed in roaring flames.
The lindwurm breathes flames at you. The blast of flame hits you!
You die...

##################
#(§..§..<.[.......
#§########..####..
#.# #..# #.. #k#
#..# #.. #.# #..#
#.. #.# #..# #..
#.# #..# #.. #@#
#..# #.. #.# #..#
#.. #.# #..# #..
#.# #..# #.. #.#
#..# #.. #.# #..#
#.. #.# #..# #..
#.# #..# #.. #.#
#..# #..


You could see a lindwurm shaped shifter.

Vanquished Creatures
  2 hill giants
  Pikel (D:7)
  Prince Ribbit (D:7)
  2 wraiths (D:10)
  2 hippogriffs (D:7)
  A steam dragon (D:8)
  Menkaure (D:5)
  A mottled dragon (D:10)
  A water moccasin (D:8)
  4 orc warriors
  7 ice beasts
  5 sky beasts
  4 phantoms
  A black bear (D:10)
  6 ogres
  4 centaurs
  A crocodile (D:7)
  An elf zombie (Ossuary)
  A big kobold (Sewer)
  Blork the orc (D:6)
  4 giant frogs
  A wyvern skeleton (D:8)
  2 scorpions (D:9)
  A killer bee (D:8)
  3 howler monkeys
  A centaur zombie (D:5)
  6 crimson imps
  A jelly (D:8)
  7 orc priests
  3 hounds
  3 centaur skeletons
  4 giant frog skeletons
  4 iguanas
  5 orc wizards
  8 worker ants
  A big kobold zombie (Ossuary)
  A mummy (Ossuary)
  2 hound skeletons
  2 worker ant zombies (D:9)
  Robin (D:4)
  3 gnolls (D:9)
  8 adders
  2 shadow imps
  2 oozes (D:8)
  3 worms
  An adder zombie (D:5)
  3 dart slugs
  3 giant geckos
  45 orcs
  3 giant cockroaches
  A gnoll zombie (Ossuary)
  6 goblins
  10 hobgoblins
  14 jackals
  7 kobolds
  8 quokkas
  A ball python (D:1)
  6 bats
  A giant gecko skeleton (D:6)
  2 giant newts (D:2)
  A hobgoblin zombie (Ossuary)
  A jackal skeleton (D:4)
  2 orc zombies (Ossuary)
  A quokka zombie (D:5)
  11 rats
  A spectral orc (D:5)
253 creatures vanquished.

Vanquished Creatures (collateral kills)
  Erica (D:8)
  A phantom (D:4)
  2 ogres (D:5)
  An elf zombie (Ossuary)
  A crimson imp (D:4)
  A hound (D:4)
  2 jellies (D:8)
  2 big kobold zombies (Ossuary)
  A mummy (Ossuary)
  An adder (D:7)
  3 oozes (D:8)
  An adder skeleton (D:7)
  2 worms (D:2)
  4 orcs
  2 gnoll zombies (Ossuary)
  5 goblins (D:4)
  4 hobgoblins
  5 jackals
  A goblin zombie (Ossuary)
  2 orc zombies (Ossuary)
  A rat (D:3)
43 creatures vanquished.

Vanquished Creatures (others)
  A slave (D:7)
  A centaur zombie (D:7)
  A hound (D:7)
  An adder (D:7)
4 creatures vanquished.

Grand Total: 300 creatures vanquished

Notes
Turn   | Place    | Note
--------------------------------------------------------------
     0 | D:1      | Mefis the Deep Elf Wizard began the quest for the Orb.
     0 | D:1      | Reached XP level 1. HP: 10/10 MP: 7/7
    14 | D:1      | You fall through a shaft!
   287 | D:2      | Reached XP level 2. HP: 14/15 MP: 2/9
   291 | D:2      | Learned a level 2 spell: Call Imp
   294 | D:2      | Learned a level 2 spell: Blink
   297 | D:2      | Learned a level 2 spell: Repel Missiles
   464 | D:2      | Noticed an earth elemental
   466 | D:2      | Found a stormy altar of Qazlal.
   467 | D:2      | Noticed an air elemental
   467 | D:2      | Noticed a water elemental
   467 | D:2      | Noticed a fire elemental
   496 | D:2      | Reached skill level 5 in Spellcasting
  1181 | D:1      | Reached XP level 3. HP: 19/19 MP: 6/11
  1186 | D:1      | Learned a level 3 spell: Mephitic Cloud
  1973 | D:3      | Reached XP level 4. HP: 24/24 MP: 0/13
  2084 | D:4      | Noticed Sl000nik's ghost (amateur GrFi)
  2127 | D:4      | Found a sparkling altar of Nemelex Xobeh.
  2156 | D:4      | Noticed an ogre
  2168 | D:4      | Killed an ogre
  2168 | D:4      | Reached skill level 1 in Throwing
  2168 | D:4      | Reached skill level 1 in Poison Magic
  2168 | D:4      | Reached XP level 5. HP: 28/28 MP: 5/15
  2173 | D:4      | Learned a level 3 spell: Conjure Flame
  2176 | D:4      | Learned a level 2 spell: Slow
  3295 | D:3      | Reached XP level 6. HP: 32/32 MP: 8/16
  3595 | D:4      | Noticed Robin
  3841 | D:4      | Reached skill level 6 in Spellcasting
  4050 | D:4      | Found a shimmering altar of Xom.
  4470 | D:4      | Reached skill level 1 in Fire Magic
  4470 | D:4      | Reached XP level 7. HP: 30/36 MP: 9/18
  4959 | D:4      | Found a staircase to the Ecumenical Temple.
  4966 | Temple   | Entered the Ecumenical Temple
  4982 | Temple   | Became a worshipper of Sif Muna the Loreminder
  5147 | D:4      | Killed Robin
  5508 | D:4      | Learned a level 4 spell: Force Lance
  5514 | D:5      | Entered Level 5 of the Dungeon
  5932 | D:5      | Noticed Menkaure
  5944 | D:5      | Killed Menkaure
  5944 | D:5      | Reached XP level 8. HP: 22/41 MP: 8/20
  6129 | D:5      | Reached * piety under Sif Muna
  6659 | D:5      | Got a twisted dagger
  6660 | D:5      | Identified the +6 dagger of Terra Nullius {flame, rC- MP+9 Str+8 Stlth+} (You found it on level 5 of the Dungeon)
  6826 | D:5      | Reached skill level 7 in Spellcasting
  7013 | D:5      | Found Basir's Magic Scroll Emporium.
  7016 | D:5      | Bought a scroll of noise for 13 gold pieces
  7016 | D:5      | Bought a scroll of identify for 26 gold pieces
  7016 | D:5      | Bought a scroll of blinking for 97 gold pieces
  7016 | D:5      | Bought a scroll of identify for 26 gold pieces
  7075 | D:5      | Found a blossoming altar of Fedhas.
  7281 | D:5      | Found a basalt altar of Yredelemnul.
  7932 | D:5      | Reached skill level 5 in Stealth
  8147 | D:5      | Reached skill level 5 in Dodging
  8409 | D:6      | Noticed Blork the orc
  8493 | D:6      | Found a glowing drain.
  8505 | Sewer    | Entered a sewer
  8673 | Sewer    | Reached ** piety under Sif Muna
  8816 | Sewer    | Found a white marble altar of Elyvilon.
  8971 | D:6      | Reached XP level 9. HP: 45/45 MP: 10/22
  8976 | D:6      | Learned a level 3 spell: Regeneration
  9268 | D:6      | Killed Blork the orc
  9584 | D:6      | Found a bloodstained altar of Trog.
  9996 | D:7      | Reached skill level 1 in Bows
 10058 | D:7      | Noticed Prince Ribbit
 10077 | D:7      | Killed Prince Ribbit
 10077 | D:7      | Reached skill level 1 in Charms
 10077 | D:7      | Reached skill level 1 in Invocations
 10118 | D:7      | Found a sand-covered staircase.
 10125 | Ossuary  | Entered an ossuary
 10325 | Ossuary  | Reached skill level 1 in Necromancy
 10688 | D:7      | Reached skill level 5 in Poison Magic
 10912 | D:7      | Noticed Pikel
 10933 | D:7      | Killed Pikel
 10933 | D:7      | Reached *** piety under Sif Muna
 10933 | D:7      | Reached skill level 5 in Conjurations
 11601 | D:7      | Reached skill level 5 in Summonings
 11762 | D:8      | Found a shattered altar of Ashenzari.
 11816 | D:8      | Reached skill level 8 in Spellcasting
 11816 | D:8      | Reached skill level 5 in Translocations
 11923 | D:8      | Found a shadowy altar of Dithmenos.
 11933 | D:8      | Reached XP level 10. HP: 50/50 MP: 6/24
 12054 | D:8      | Noticed Erica
 12072 | D:8      | Killed Erica
 12098 | D:8      | Found a radiant altar of Vehumet.
 12098 | D:8      | Found a sacrificial altar of Ru.
 12760 | D:8      | Found a shadowy altar of Dithmenos.
 12852 | D:8      | Reached **** piety under Sif Muna
 15188 | D:10     | Entered Level 10 of the Dungeon
 15191 | D:10     | Noticed a hill giant
 15221 | D:9      | Killed a hill giant
 15538 | D:10     | Noticed a hill giant
 15856 | D:10     | Killed a hill giant
 15856 | D:10     | Reached XP level 11. HP: 52/54 MP: 7/25
 16018 | D:10     | Reached ***** piety under Sif Muna
 16025 | D:10     | Noticed a skeletal warrior
 16026 | D:10     | Noticed a fire crab
 16026 | D:10     | a manticore changed into a fire crab
 16039 | D:10     | Reached skill level 5 in Fire Magic
 16048 | D:10     | a fire crab changed into a giant eyeball
 16202 | D:10     | Noticed a swamp dragon
 16925 | D:9      | Noticed a deep troll
 16959 | D:9      | Noticed a lindwurm
 16959 | D:9      | a deep troll changed into a lindwurm
 16965 | D:9      | Killed from afar by a lindwurm (shapeshifter)

Vault maps used:
D:1:      lemuel_arrival_hallway
D:2:      fountainhead, nicolae_qazlal_style_of_elements
D:3:      serial_forest, infiniplex_forest_clump_double,
          infiniplex_forest_lined_2, infiniplex_forest_lined_corner,
          infiniplex_forest_clump_double, infiniplex_forest_corner_2,
          infiniplex_forest_end_2, infiniplex_forest_lined_ring,
          infiniplex_forest_clump_double
D:4:      lemuel_coloured_pillars_altar, temple_statues,
          nemelex_lonely_heart_becter, uniq_robin
D:5:      kennysheep_six_static_rooms, lemuel_round_altar,
          yredelemnul_forgotten_temple_becter, first_bread, serial_shops,
          nicolae_shop_window_shopping, uniq_menkaure
D:6:      gup_sewer_entry_bowl, mrwooster_statue_mirror, trog_book,
          uniq_blork_the_orc
D:7:      chequers_ossuary_entry_cave, uniq_pikel, uniq_prince_ribbit1
D:8:      kennysheep_blocky_hall, evilmike_ruin_ashenzari, kennysheep_mini,
          gammafunk_temple_overflow_elements, hangedman_little_slice_of_home,
          nicolae_dithmenos_through_a_glass_darkly, uniq_erica
D:10:     hangedman_cross_veins, uniq_nergalle
Temple:   water_room_temple_b_12
Sewer:    sewer_kobolds
Ossuary:  minmay_ossuary_gauntlet

Skill      XL: |  1  2  3  4  5  6  7  8  9 10 11 |
---------------+----------------------------------+-----
Spellcasting   | 5 6 7 8 |  8.8
Dodging        | 3 4 5 6 |  6.6
Throwing       | 1 2 3 |  3.6
Conjurations   | 2 3 4 5 6 |  6.3
Summonings     | 2 3 4 5 |  5.5
Translocations | 2 3 4 5 6 |  6.0
Poison Magic   | 1 2 3 4 5 6 |  6.2
Stealth        | 3 4 5 6 7 |  7.3
Fire Magic     | 1 2 4 5 |  5.1
Bows           | 2 3 |  3.7
Charms         | 3 4 |  4.4
Invocations    | 2 3 |  3.3
Necromancy     | 1 3 |  3.9
Fighting       | |  0.1

Action                   |  1- 3 |  4- 6 |  7- 9 | 10-12 || total
-------------------------+-------+-------+-------+-------++-------
Melee: Staff             |       |       |    23 |     4 ||    27
 Fire: Hunting sling     |     1 |    35 |    69 |       ||   105
       Shortbow          |       |       |     5 |    89 ||    94
Throw: Tomahawk          |       |       |     8 |     4 ||    12
 Cast: Magic Dart        |    81 |   119 |   200 |   139 ||   539
       Call Imp          |     7 |    18 |    43 |     4 ||    72
       Mephitic Cloud    |     1 |    10 |    35 |    21 ||    67
       Conjure Flame     |       |     4 |    11 |    18 ||    33
       Blink             |       |     2 |     1 |     5 ||     8
       Repel Missiles    |       |     1 |     2 |     1 ||     4
       Force Lance       |       |       |    97 |    93 ||   190
       Regeneration      |       |       |     1 |       ||     1
       Slow              |       |       |       |     2 ||     2
Invok: Channel Energy    |       |       |    24 |    11 ||    35
Evoke: Wand              |       |       |       |     1 ||     1
  Use: Scroll            |     1 |     4 |     2 |    10 ||    17
       Potion            |       |       |       |     2 ||     2
 Stab: Confused          |       |       |     1 |       ||     1
  Eat: Chunk             |     2 |     8 |    15 |    14 ||    39
       Fruit             |       |       |     3 |       ||     3
       Bread ration      |       |       |     2 |       ||     2
       Beef jerky        |       |       |     1 |       ||     1
       Meat ration       |       |       |     1 |     1 ||     2
       Pizza             |       |       |       |     1 ||     1
Armor: Robe              |     3 |     6 |    13 |     8 ||    30
Dodge: Dodged            |    14 |    30 |    68 |    41 ||   153
       Deflected         |       |       |     5 |     2 ||     7
